 Dungeon Crawl Stone Soup version 0.27-a0-1302-g7736ffe575 (webtiles) character file.

Game seed: 10767172331763756082

2844 Masnef the Tainter (level 9, -3/61 HPs)
             Began as an Octopode Venom Mage on June 18, 2021.
             Was a Priest of Sif Muna.
             Slain by a wyvern zombie (15 damage)
             ... on level 8 of the Dungeon.
             The game lasted 00:23:42 (10064 turns).

Masnef the Tainter (Octopode Venom Mage)           Turns: 10064, Time: 00:23:43

Health: -3/61      AC:  1    Str:  7    XL:     9   Next: 74%
Magic:  0/14       EV: 14    Int: 27    God:    Sif Muna [***...]
Gold:   321        SH:  0    Dex: 12    Spells: 1/14 levels left

rFire    + . .     SeeInvis .   c - +1 short sword (venom)
rCold    + . .     Faith    .   (no shield)
rNeg     . . .     Spirit   +   (helmet restricted)
rPois    +         Reflect  .   g - amulet of guardian spirit
rElec    +         Harm     .   j - +6 ring of intelligence
rCorr    +         Rampage  .   (no ring)
Will     .....                  (no ring)
Stlth    +++.......             (no ring)
HPRegen  0.20/turn              (no ring)
MPRegen  0.14/turn              (no ring)
                                (no ring)
                                (no ring)

@: resistant, very slightly contaminated, studying Shields
A: almost no armour, amphibious, 8 rings, camouflage 1, gelatinous body 1,
(nimble swimmer 1), tentacles
a: Renounce Religion, Channel Magic, Forget Spell


You were on level 8 of the Dungeon.
You worshipped Sif Muna.
Sif Muna was most pleased with you.
You visited 1 branch of the dungeon, and saw 8 of its levels.

You collected 321 gold pieces.

Inventory:

Hand Weapons
 c - a +1 short sword of venom (weapon)
Missiles
 h - 61 poisoned darts
Jewellery
 g - an amulet of guardian spirit (around mantle)
 j - a +6 ring of intelligence (left tentacle)
Wands
 p - a wand of paralysis (5)
 v - a wand of flame (10)
 B - a wand of iceblast (13)
Scrolls
 e - a scroll of fog {unknown}
 f - a scroll of identify
 l - 3 scrolls of teleportation {unknown}
 m - 3 scrolls of enchant armour
 n - a scroll of silence {unknown}
 o - a scroll of summoning {unknown}
 t - a scroll of amnesia {unknown}
 w - a scroll of holy word {unknown}
 y - a scroll of torment {unknown}
 z - a scroll of enchant weapon {unknown}
Potions
 a - 2 potions of degeneration
 b - a potion of curing
 d - 3 potions of mutation
 i - a potion of ambrosia
 r - a potion of heal wounds {unknown}
 u - a potion of might
 x - a potion of haste {unknown}


   Skills:
 * Level 5.3 Fighting
 - Level 3.1 Short Blades
 + Level 4.1 Dodging
 - Level 2.8 Stealth
 - Level 3.3 Spellcasting
 - Level 1.0 Transmutations
 - Level 1.0 Fire Magic
 - Level 1.0 Air Magic
 + Level 10.7 Poison Magic
 * Level 5.7 Invocations


You had one spell level left.
You knew the following spells:

 Your Spells              Type           Power      Damage    Failure   Level
a - Sting                 Tmut/Pois      100%       1d8       1%          1
b - Poisonous Vapours     Pois/Air       72%        N/A       1%          2
c - Ignite Poison         Fire/Tmut/Pois 27%        N/A       4%          3
d - Mephitic Cloud        Conj/Pois/Air  25%        N/A       4%          3
z - Olgreb's Toxic Radia  Pois           58%        N/A       1%          4

Your spell library contained the following spells:

 Spells                   Type           Power      Damage    Failure   Level
 Beastly Appendage        Tmut           20%        N/A       5%          1
 Shock                    Conj/Air       28%        1d4       7%          1
 Animate Skeleton         Necr           8%         N/A       9%          1
 Apportation              Tloc           8%         N/A       9%          1
 Corona                   Hex            4%         N/A       9%          1
 Summon Small Mammal      Summ           16%        N/A       9%          1
 Spider Form              Tmut/Pois      18%        N/A       2%          3
 Wereblood                Tmut           10%        N/A       9%          2
 Static Discharge         Conj/Air       7%         N/A       11%         2
 Slow                     Hex            4%         N/A       13%         2
 Swiftness                Air            9%         N/A       17%         3
 Inner Flame              Hex/Fire       7%         N/A       21%         3
 Alistair's Intoxication  Tmut/Pois      24%        N/A       22%         5
 Lesser Beckoning         Tloc           2%         N/A       26%         3
 Portal Projectile        Hex/Tloc       8%         N/A       26%         3
 Tukima's Dance           Hex            4%         N/A       26%         3
 Airstrike                Air            4%         N/A       50%         4
 Ice Form                 Ice/Tmut       7%         N/A       56%         4
 Cause Fear               Hex            2%         N/A       63%         4
 Leda's Liquefaction      Hex/Erth       2%         N/A       63%         4
 Lightning Bolt           Conj/Air       3%         1d15      88%         5
 Invisibility             Hex            2%         N/A       100%        6


Dungeon Overview and Level Annotations

Branches:
Dungeon (8/15)             Temple (0/1) D:7
   Lair: D:8-11

Altars:
Ashenzari
Cheibriados
Fedhas
Hepliaklqana
Okawaru
Ru
Sif Muna
Wu Jian
Zin
The Shining One

Shops:
D:7 =

Annotations:
D:7 2 transporters


Innate Abilities, Weirdness & Mutations

You cannot wear most types of armour.
You are amphibious.
You can wear up to eight rings at the same time.
Your skin changes colour to match your surroundings (Stealth+).
Your rubbery body absorbs attacks. (AC +1, EV +1)
((You are camouflaged near water. (Stealth+)))
You have tentacles for arms and can constrict up to eight enemies at once.


Message History

You kill the kobold!
Sif Muna accepts your kill.
Your toxic aura wanes.
The wyvern zombie misses you.
The kobold brigand throws a poisoned dart.
The poisoned dart barely misses you.
Casting: Sting (safe; 1% risk of failure)
Confirm with . or Enter, or press ? or * to list all spells.
Aiming: Sting (safe; 1% risk of failure)
Press: ? - help, Shift-Dir - straight line, f/p - wyvern zombie
Aim: a wyvern zombie (92% to hit)
The sting hits the wyvern zombie.
The wyvern zombie partially resists.
The wyvern zombie is lightly damaged.
The wyvern zombie bites you! The wyvern zombie bites you.
Unknown command.
Casting: Sting (safe; 1% risk of failure)
Confirm with . or Enter, or press ? or * to list all spells.
Aiming: Sting (safe; 1% risk of failure)
Press: ? - help, Shift-Dir - straight line, f/p - wyvern zombie
Aim: a wyvern zombie (lightly damaged, 92% to hit)
The sting hits the wyvern zombie.
The wyvern zombie partially resists.
The wyvern zombie is lightly damaged.
A centaur comes into view.
The wyvern zombie bites you!
The centaur moves out of view.
Casting: Sting (safe; 1% risk of failure)
Confirm with . or Enter, or press ? or * to list all spells.
Aiming: Mephitic Cloud (dangerous; 4% risk of failure)
Press: ? - help, Shift-Dir - straight line, p - wyvern zombie The ball explodes into a vile cloud!
The stinking cloud engulfs the wyvern zombie but does no damage.
The wyvern zombie is lightly damaged.
You hear a shout! x6
The wyvern zombie closely misses you. The wyvern zombie bites you!
The wyvern zombie bites you!
* * * LOW HITPOINT WARNING * * *
It was a potion of resistance.
You feel protected. The wyvern zombie bites you!
You die...

...).)........#
.))...........
..c.......... .
!..........# ..
....K......# ...
...........##.... .
.................
..#######Z...../.#
........@........#
..##...##........#
.......<#........#
..######...........
..............####
###########...#
...# ##.# .#


You could see a wyvern zombie.

Vanquished Creatures
  Prince Ribbit (D:5)
  3 vampire mosquitoes (D:7)
  Menkaure (D:6)
  A water moccasin (D:6)
  4 orc warriors
  4 sky beasts
  An ice beast (D:7)
  An ogre (D:4)
  A necrophage (D:6)
  A phantom (D:6)
  2 bullfrogs
  3 kobold brigands (D:7)
  A scorpion (D:7)
  A bullfrog zombie (D:6)
  2 jellies
  3 orc wizards (D:7)
  3 iguanas
  A killer bee zombie (D:6)
  3 hound skeletons
  11 adders
  A howler monkey skeleton (D:5)
  2 shadow imps
  2 ufetubi
  A worm (D:4)
  5 dart slugs
  10 orcs
  7 endoplasms
  4 giant cockroaches
  7 goblins
  8 hobgoblins
  9 jackals
  3 quokkas
  10 ball pythons
  5 bats
  3 frilled lizards
  19 kobolds
  7 rats
151 creatures vanquished.

Vanquished Creatures (others)
  A vampire mosquito (D:7)
  A centaur (D:7)
  3 plants (D:1)
5 creatures vanquished.

Grand Total: 156 creatures vanquished

Notes
Turn   | Place    | Note
-------+----------+-------------------------------------------
     0 | D:1      | Masnef the Octopode Venom Mage began the quest for the Orb.
     0 | D:1      | Reached XP level 1. HP: 11/11 MP: 3/3
     4 | D:1      | Found a faded altar of an unknown god.
    12 | D:1      | Became a worshipper of Sif Muna the Loreminder
    12 | D:1      | Reached * piety under Sif Muna
   127 | D:1      | Reached skill level 4 in Poison Magic
   134 | D:1      | Reached XP level 2. HP: 3/17 MP: 5/5
   889 | D:1      | Learned a level 2 spell: Poisonous Vapours
  1089 | D:1      | Reached XP level 3. HP: 21/21 MP: 4/6
  1093 | D:1      | Learned a level 3 spell: Ignite Poison
  1355 | D:1      | Reached skill level 5 in Poison Magic
  1919 | D:2      | Reached XP level 4. HP: 25/27 MP: 7/7
  2004 | D:2      | Reached ** piety under Sif Muna
  2196 | D:2      | You fall into a shaft and drop 2 floors!
  3096 | D:2      | Reached XP level 5. HP: 16/32 MP: 3/8
  3832 | D:3      | Reached skill level 6 in Poison Magic
  4361 | D:4      | Reached skill level 1 in Air Magic
  4515 | D:4      | Reached skill level 1 in Fighting
  4561 | D:4      | Reached skill level 1 in Invocations
  4705 | D:4      | Found the +4 Cigotuvi's embrace {rMiasma Drain rN+}
  4821 | D:4      | Reached XP level 6. HP: 31/38 MP: 8/10
  5214 | D:4      | You fall into a shaft and drop 3 floors!
  5406 | D:6      | Noticed an orc warrior
  5414 | D:6      | Killed an orc warrior
  5415 | D:6      | Reached skill level 1 in Short Blades
  5415 | D:6      | Reached skill level 7 in Poison Magic
  5415 | D:6      | Reached XP level 7. HP: 45/45 MP: 8/11
  5455 | D:6      | Found an iron altar of Okawaru.
  5472 | D:6      | Learned a level 3 spell: Mephitic Cloud
  5600 | D:5      | Entered Level 5 of the Dungeon
  5607 | D:5      | Noticed Prince Ribbit
  6079 | D:5      | Killed Prince Ribbit
  6318 | D:5      | Found a snail-covered altar of Cheibriados.
  6540 | D:5      | Reached XP level 8. HP: 30/52 MP: 9/13
  6545 | D:5      | Learned a level 4 spell: Olgreb's Toxic Radiance
  6999 | D:6      | Found a glowing silver altar of Zin.
  7057 | D:6      | Reached skill level 8 in Poison Magic
  7360 | D:6      | Reached skill level 1 in Fire Magic
  7652 | D:6      | Found an ornate altar of the Wu Jian Council.
  7704 | D:6      | Noticed Menkaure
  7707 | D:6      | Killed Menkaure
  8055 | D:7      | Found a sacrificial altar of Ru.
  8242 | D:7      | Found a staircase to the Ecumenical Temple.
  8248 | D:7      | Found a broken altar of Ashenzari.
  8248 | D:7      | Found a glowing golden altar of the Shining One.
  8260 | D:7      | Reached skill level 9 in Poison Magic
  8380 | D:7      | Reached XP level 9. HP: 59/59 MP: 2/14
  8388 | D:6      | Reached skill level 5 in Invocations
  8679 | D:7      | Found a transporter.
  8683 | D:7      | Reached skill level 10 in Poison Magic
  8691 | D:7      | Noticed a centaur warrior
  8706 | D:7      | Noticed a cyclops
  8709 | D:7      | Noticed a skeletal warrior
  8765 | D:7      | Reached skill level 5 in Fighting
  8777 | D:7      | HP: 1/61 [vampire mosquito (8)]
  8812 | D:7      | Reached *** piety under Sif Muna
  9104 | D:7      | Found a transporter.
  9205 | D:7      | Found Lifet's Jewellery Boutique.
  9812 | D:7      | Found a hazy altar of Hepliaklqana.
  9945 | D:7      | Found a blossoming altar of Fedhas.
 10064 | D:8      | Slain by a wyvern zombie

Illustrated notes

Levels and vault maps discovered:
D:1:      doesnt_arrival_eight_statues, layout_basic, serial_forest,
          infiniplex_forest_pool, infiniplex_forest_end_2,
          infiniplex_forest_lined_4_way, infiniplex_forest_clump_C,
          infiniplex_forest_clump_curved, ebering_ecumenical_altar_box
D:2:      layout_basic, grunt_ministairs_4, minmay_misc_feat_encased,
          minmay_randomly_rotated_circles
D:3:      layout_rooms
D:4:      layout_basic, minmay_crossroads
D:5:      layout_rooms, old_standard_altar, kennysheep_minor_cross,
          chequers_avenue, uniq_prince_ribbit1
D:6:      layout_loops_cross, lemuel_doored_altar, nzn_wu_jian_contemplation,
          overflow_temple_1_default, small_statue_intersection, uniq_menkaure
D:7:      layout_basic, fedhas_altar_fruit_tree, lemuel_tele_altar,
          nicolae_ru_awakened_eye, gammafunk_temple_overflow_arena,
          minmay_temple_entry_statues_fountains, serial_shops, shop,
          serial_curves, eino_curves_04, eino_curves_02, eino_curves_01,
          minmay_manual_mail
D:8:      layout_basic, nicolae_uskayaw_murder_on_the_dancefloor,
          kennysheep_vampire_church, nicolae_ossuary_entry_plus, uniq_psyche,
          uniq_maurice, uniq_maggie

Skill      XL: |  1  2  3  4  5  6  7  8  9 |
---------------+----------------------------+-----
Poison Magic   | 4 5 6 7 9 10 | 10.7
Air Magic      | 1 |  1.0
Fighting       | 1 2 3 4 5 |  5.3
Invocations    | 1 2 3 4 5 |  5.7
Spellcasting   | 3 |  3.3
Short Blades   | 1 3 |  3.1
Dodging        | 3 4 |  4.1
Fire Magic     | 1 |  1.0
Stealth        | |  2.8
Transmutations | |  1.0

Action                   |  1- 3 |  4- 6 |  7- 9 || total
-------------------------+-------+-------+-------++-------
Melee: Unarmed           |     6 |       |       ||     6
       Constrict         |     5 |    10 |    11 ||    26
       Short sword       |     1 |    38 |    74 ||   113
       Tentacles         |       |     6 |     9 ||    15
 Cast: Sting             |    67 |    75 |    70 ||   212
       Poisonous Vapours |     3 |    11 |    10 ||    24
       Ignite Poison     |     1 |     3 |    20 ||    24
       Mephitic Cloud    |       |       |    11 ||    11
       Olgreb's Toxic Ra |       |       |     6 ||     6
Invok: Channel Magic     |     4 |     2 |     2 ||     8
Evoke: Wand              |       |       |     5 ||     5
  Use: Scroll            |       |       |     8 ||     8
       Potion            |       |       |     8 ||     8
 Stab: Sleeping          |     1 |       |     3 ||     4
       Invisible         |       |       |     4 ||     4
Armor: Skin              |     3 |     8 |    19 ||    30
Dodge: Dodged            |    38 |    65 |   110 ||   213

Table legend: (Time is in decaauts)
 A = Elapsed time spent in this place.
 B = Non-inter-level travel time spent in this place.
 C = Inter-level travel time spent in this place.
 D = Time resting spent in this place.
 E = Time spent auto-exploring this place.
 F = Levels seen in this place.
 G = Mean time per level.
                   A        B        C        D        E       F      G
               +--------+--------+--------+--------+--------+-----+--------+
         Total |  10068 |   9844 |    224 |    168 |   8655 |   8 | 1258.5 |
       Dungeon |  10068 |   9844 |    224 |    168 |   8655 |   8 | 1258.5 |
               +--------+--------+--------+--------+--------+-----+--------+

Top non-repeatable levels by time:
     D:6: 1910 daAuts
     D:7: 1777 daAuts
     D:1: 1765 daAuts
     D:4: 1670 daAuts
     D:2: 1342 daAuts
     D:5: 872 daAuts
     D:3: 715 daAuts
     D:8: 14 daAuts
